 Dungeon Crawl Stone Soup version 0.18.1-48-g4cf74bf (webtiles) character file.

211 Mesmaeker13 the Conjurer (level 5, -2/31 HPs)
             Began as a High Elf Conjurer on Sept 8, 2016.
             Slain by appiemonkey's ghost (8 damage)
             ... in an ossuary.
             The game lasted 00:09:48 (4012 turns).

Mesmaeker13 the Conjurer (High Elf Conjurer)        Turns: 4012, Time: 00:09:49

Health: -2/31      AC:  5    Str:  5 (8)  XL:     5   Next: 57%
Magic:  1/11       EV: 19    Int: 21 (24) God:
Gold:   137        SH:  0    Dex: 17 (20) Spells: 3 memorised, 5 levels left

rFire  . . .     SeeInvis .     g - +1 dagger (distort)
rCold  + . .     Gourm    .     s - +0 robe
rNeg   . . .     Faith    .     (no shield)
rPois  .         Spirit   .     t - +0 helmet
rElec  .         Dismiss  .     (no cloak)
rCorr  .         Reflect  .     k - +1 pair of gloves
SustAt .         Harm     .     (no boots)
MR     .....                    (no amulet)
Stlth  +++.......               (no ring)
                                w - ring of protection from cold

@: brilliant, agile, not resistant to hostile enchantments, fairly stealthy
A: no striking features
a: no special abilities


You were in an ossuary.
You were not hungry.

You visited 1 branch of the dungeon, and saw 4 of its levels.
You also visited: Ossuary.

You collected 137 gold pieces.

Inventory:

Hand Weapons
 g - a +1 dagger of distortion (weapon)
 o - a +0 rapier
Armour
 a - a +0 robe
 k - a +1 pair of gloves (worn)
 s - a +0 robe (worn)
 t - a +0 helmet (worn)
Jewellery
 w - a ring of protection from cold (left hand)
Wands
 x - a wand of slowing (36/48)
Scrolls
 e - 3 scrolls of remove curse
 h - a scroll of fear
 i - a scroll of fog {unknown}
 n - a scroll of magic mapping
 q - a scroll of blinking {unknown}
 u - 2 scrolls of amnesia {unknown}
 v - a scroll of enchant armour {unknown}
Potions
 l - a potion of agility
 p - a potion of curing
 z - a potion of ambrosia {unknown}
Books
 b - a book of Conjurations

   Spells                             Type                      Level
   a - Magic Dart                     Conjuration                  1
   b - Searing Ray                    Conjuration                  2
   c - Dazzling Spray                 Conjuration/Hexes            3
   d - Fulminant Prism                Conjuration/Hexes            4
   e - Iskenderun's Mystic Blast      Conjuration                  4
   f - Iskenderun's Battlesphere      Conjuration/Charms           5
Comestibles
 c - 4 bread rations
 j - 3 fruits


   Skills:
 + Level 4.0 Dodging
 - Level 2.1 Stealth
 + Level 3.5 Spellcasting
 + Level 5.5 Conjurations
 + Level 2.0 Hexes


You had 5 spell levels left.
You knew the following spells:

 Your Spells              Type           Power        Failure   Level  Hunger
a - Magic Dart            Conj           ####         1%          1    None
b - Searing Ray           Conj           #####.       1%          2    ##.....
c - Dazzling Spray        Conj/Hex       ####..       1%          3    ###....


Dungeon Overview and Level Annotations

Branches:
Dungeon (4/15)
 Temple: D:4-7

Altars:

Annotations:
Ossuary appiemonkey's ghost, amateur MiFi


Message History

The searing ray hits appiemonkey's ghost.
Appiemonkey's ghost is heavily damaged.
The jackal zombie bites you. Appiemonkey's ghost hits you!
* * * LOW HITPOINT WARNING * * *
Appiemonkey's ghost burns you.
* * * LOW HITPOINT WARNING * * *
The searing ray hits appiemonkey's ghost.
Appiemonkey's ghost is heavily damaged.
The jackal zombie bites you but does no damage.
The jackal zombie closely misses you.
Appiemonkey's ghost completely misses you.
The searing ray hits appiemonkey's ghost.
Appiemonkey's ghost is severely damaged.
The searing ray hits the kobold zombie.
You destroy the kobold zombie!
The jackal zombie closely misses you.
Appiemonkey's ghost completely misses you.
The jackal zombie closely misses you. Appiemonkey's ghost barely misses you.
The jackal zombie misses you. Appiemonkey's ghost hits you!
You die...

######################
#........Z∩∩.........#
#.......@WZZ.....Z...#
#...##############...#
#...# #...# #...#
#...# #...# #Z..#
#...# #...# #...#
#ZZ.# #...# #...#
#...# #...#


You could see appiemonkey's ghost, a jackal zombie and 2 kobold zombies.

Vanquished Creatures
  Jessica (D:3)
  2 gnolls (D:3)
  4 adders
  An ooze (D:3)
  3 dart slugs
  4 giant cockroaches
  6 goblins
  6 hobgoblins
  4 jackals (D:2)
  3 quokkas
  5 bats
  2 giant newts
  3 hobgoblin zombies (Ossuary)
  8 kobolds
  5 kobold zombies (Ossuary)
  An orc skeleton (D:4)
  4 orc zombies (Ossuary)
  9 rats
  A rat zombie (Ossuary)
72 creatures vanquished.

Vanquished Creatures (others)
  An elf skeleton (D:4)
  A human zombie (Ossuary)
  A kobold zombie (Ossuary)
3 creatures vanquished.

Grand Total: 75 creatures vanquished

Notes
Turn   | Place    | Note
--------------------------------------------------------------
     0 | D:1      | Mesmaeker13 the High Elf Conjurer began the quest for the Orb.
     0 | D:1      | Reached XP level 1. HP: 11/11 MP: 4/4
   550 | D:1      | Reached XP level 2. HP: 17/17 MP: 6/6
  1144 | D:2      | Learned a level 2 spell: Searing Ray
  1359 | D:2      | Reached XP level 3. HP: 21/21 MP: 5/8
  1369 | D:2      | Reached skill level 5 in Conjurations
  2139 | D:3      | Learned a level 3 spell: Dazzling Spray
  2261 | D:3      | Reached XP level 4. HP: 20/27 MP: 1/9
  2597 | D:2      | Reached skill level 1 in Hexes
  3216 | D:3      | Noticed Jessica
  3229 | D:3      | Killed Jessica
  3229 | D:3      | Reached XP level 5. HP: 29/31 MP: 4/10
  3764 | D:4      | Found a sand-covered staircase.
  3771 | Ossuary  | Entered an ossuary
  3950 | Ossuary  | Noticed appiemonkey's ghost (amateur MiFi)
  4012 | Ossuary  | Slain by appiemonkey's ghost

Skill      XL: |  1  2  3  4  5 |
---------------+----------------+-----
Conjurations   | 5 |  5.5
Dodging        | 3 4 |  4.0
Spellcasting   | 3 |  3.5
Hexes          | 1 2 |  2.0
Stealth        | |  2.1

Action                   |  1- 3 |  4- 6 || total
-------------------------+-------+-------++-------
Melee: Unarmed           |     3 |       ||     3
       Dagger            |    55 |    41 ||    96
 Cast: Magic Dart        |    41 |    22 ||    63
       Searing Ray       |     5 |    12 ||    17
       Dazzling Spray    |       |     1 ||     1
  Use: Potion            |       |     4 ||     4
       Scroll            |       |     6 ||     6
 Stab: Sleeping          |     4 |     1 ||     5
  Eat: Chunk             |     3 |     6 ||     9
       Pizza             |       |     1 ||     1
Armor: Robe              |    17 |    17 ||    34
Dodge: Dodged            |    48 |    65 ||   113
